 Dungeon Crawl Stone Soup version 0.29-a0-323-g050149af67 (webtiles) character file.

Game seed: 11915268016463900183

31 Jortsu the Skirmisher (level 3, 0/29 HPs)
             Began as a Demonspawn Fighter on Apr 12, 2022.
             Was an Initiate of Yredelemnul.
             Slain by Crazy Yiuf
             ... wielding a +4 quarterstaff of chaos
              (20 damage)
             ... on level 2 of the Dungeon.
             The game lasted 00:01:53 (1297 turns).

Jortsu the Skirmisher (Demonspawn Fighter)          Turns: 1297, Time: 00:01:53

Health: 0/29       AC:  9    Str: 18    XL:     3   Next: 7%
Magic:  3/3        EV:  9    Int:  9    God:    Yredelemnul [......]
Gold:   73         SH:  4    Dex: 12    Spells: 2/2 levels left

rFire   . . .      SeeInvis .   a - +0 war axe
rCold   . . .      Faith    .   c - +0 buckler
rNeg    + . .      Spirit   .   b - +0 scale mail
rPois   .          Reflect  .   (no helmet)
rElec   .          Harm     .   (no cloak)
rCorr   .          Rampage  .   (no gloves)
Will    .....                   g - +0 pair of boots
Stlth   ..........              j - amulet of regeneration
HPRegen 0.89/turn               k - ring of positive energy
MPRegen 0.08/turn               (no ring)

@: studying Slings
A: molten scales 1
a: Renounce Religion, Recall Undead Harvest


You were on level 2 of the Dungeon.
You worshipped Yredelemnul.
Yredelemnul was noncommittal.
You visited 1 branch of the dungeon, and saw 2 of its levels.

You collected 73 gold pieces.

Inventory:

Hand Weapons
 a - a +0 war axe (weapon)
Armour
 b - a +0 scale mail (worn)
 c - a +0 buckler (worn)
 g - a +0 pair of boots (worn)
Jewellery
 j - an amulet of regeneration (around neck)
 k - a ring of positive energy (left hand)
Scrolls
 f - 2 scrolls of blinking
Potions
 d - 2 potions of might
 e - a potion of degeneration {unknown}
 h - 2 potions of haste
 i - a potion of cancellation {unknown}
 m - a potion of heal wounds


   Skills:
 + Level 3.4 Fighting
 + Level 2.1 Axes
 + Level 3.1 Armour
 + Level 2.9 Shields


You had 2 spell levels left.
You didn't know any spells.
Your spell library contained the following spells:

 Spells                   Type           Power      Damage    Failure   Level
 Blink                    Tloc           0%         N/A       94%         2
 Manifold Assault         Tloc           0%         N/A       100%        5
 Storm Form               Tmut/Air       0%         N/A       100%        7


Dungeon Overview and Level Annotations

Branches:
Dungeon (2/15)

Altars:
Yredelemnul

Annotations:
D:2 Crazy Yiuf


Innate Abilities, Weirdness & Mutations

You are partially covered in molten scales. (AC +2)


Message History

You feel stronger. x2
Your ball python zombie bites the dart slug.
Your ball python zombie grabs the dart slug.
Your ball python zombie constricts the dart slug.
You swap places.
Your ball python zombie loses its grip on the dart slug.
The dart slug bites you but does no damage.
You barely miss the dart slug.
The dart slug is moderately wounded.
Your ball python zombie bites the dart slug.
Your ball python zombie grabs the dart slug.
Your ball python zombie constricts the dart slug.
The dart slug launches a dart at you.
The slug dart hits you but does no damage.
Your ball python zombie bites the dart slug.
You slash the dart slug!
You kill the dart slug!
A black mist starts to gather...
You swap places.
Found a mace.
Found a runed translucent door.
Crazy Yiuf shouts!
You open the door.
You swap places.
Crazy Yiuf hits your ball python zombie with a +4 quarterstaff of chaos!
Crazy Yiuf burns your ball python zombie.
Your ball python zombie is destroyed!
You swap places.
Crazy Yiuf hits your ball python zombie with a +4 quarterstaff of chaos!
Your ball python zombie is destroyed!
You hit Crazy Yiuf.
Crazy Yiuf is lightly wounded.
Crazy Yiuf waves his quarterstaff at you.
Crazy Yiuf hits you with a +4 quarterstaff of chaos.
You hit Crazy Yiuf.
Crazy Yiuf is moderately wounded.
Crazy Yiuf hits you with a +4 quarterstaff of chaos.
You are electrocuted!!
Ouch! That really hurt!
You die...
Your body rises from the dead as a mindless zombie.

# ..# # #.# #.#
♣♣♣♣♣### #.# ###
♣♣♣Z♣..+.## #.#
#...#♣g@♣......###Z#
#...'.♣♣♣♣..Z...##>##
#)..#♣♣ ♣♣.+...#ZZ.##
### ♣♣###.ZZ.#.#
###....####
#.......... ###
###...##### ####...
#....# ###......
####.#


You could see Crazy Yiuf (ally target) and a friendly rat zombie.

Vanquished Creatures
  A dart slug (D:2)
  4 ball pythons
  A bat (D:1)
  2 endoplasms (D:1)
  A giant cockroach (D:1)
  5 hobgoblins
  2 jackals (D:1)
  A kobold (D:1)
  A quokka (D:2)
  A frilled lizard (D:1)
  A goblin (D:1)
  5 rats
25 creatures vanquished.

Vanquished Creatures (collateral kills)
  A hobgoblin (D:1)
  A rat (D:1)
2 creatures vanquished.

Vanquished Creatures (others)
  A bat zombie (D:1)
  2 ball python zombies (D:2)
  A plant (D:1)
4 creatures vanquished.

Grand Total: 31 creatures vanquished

Notes
Turn   | Place    | Note
-------+----------+-------------------------------------------
     0 | D:1      | Jortsu the Demonspawn Fighter began the quest for the Orb.
     0 | D:1      | Reached XP level 1. HP: 18/18 MP: 1/1
   216 | D:1      | Gained mutation: You are partially covered in molten
                  | scales. (AC +2) [demonic ancestry]
   216 | D:1      | Reached XP level 2. HP: 23/24 MP: 2/2
   277 | D:1      | Found a faded altar of an unknown god.
   284 | D:1      | Prayed at the altar of an unknown god.
   284 | D:1      | Became a worshipper of Yredelemnul the Dark
   284 | D:1      | Reached * piety under Yredelemnul
   314 | D:1      | Reached ** piety under Yredelemnul
  1273 | D:2      | Reached XP level 3. HP: 26/29 MP: 3/3
  1287 | D:2      | Found a runed translucent door.
  1288 | D:2      | Noticed Crazy Yiuf
  1297 | D:2      | Slain by Crazy Yiuf

Illustrated notes

Levels and vault maps discovered:
D:1:      dpeg_arrival_three_bigger_balls, layout_basic,
          dilly_ecumenical_altar_fadedgnrine
D:2:      layout_loops_corners, kennysheep_doodads,
          kennysheep_decorative_pillar, uniq_crazy_yiuf_cottage

Skill      XL: |  1  2 |
---------------+-------+-----
Axes           | 2 |  2.1
Armour         | 3 |  3.1
Fighting       | |  3.4
Shields        | |  2.9

Action                   || total
-------------------------++-------
Melee: War axe           ||    46
  Use: Scroll            ||     6
Armor: Scale mail        ||    33
Dodge: Dodged            ||    22
Block: Buckler           ||     6

Table legend: (Time is in decaauts)
 A = Elapsed time spent in this place.
 B = Non-inter-level travel time spent in this place.
 C = Inter-level travel time spent in this place.
 D = Time resting spent in this place.
 E = Time spent auto-exploring this place.
 F = Levels seen in this place.
 G = Mean time per level.
                   A        B        C        D        E       F      G
               +--------+--------+--------+--------+--------+-----+--------+
         Total |   1316 |   1263 |     53 |      0 |   1044 |   2 |  658.0 |
       Dungeon |   1316 |   1263 |     53 |      0 |   1044 |   2 |  658.0 |
               +--------+--------+--------+--------+--------+-----+--------+

Top non-repeatable levels by time:
     D:1: 808 daAuts
     D:2: 508 daAuts
